AoeStats
← 2-ray

Nomad

503456065Analyzed
4v4 RM · 1mo ago on Aug 31, 2026· 25m 41s· 8 players
Game mode
Random Map
Map size
231×231
Population
200
Speed
Normal
Resources
Standard
Victory
Conquest
Starting age
Dark Age
Ending age
Imperial Age
RankedLock teamsTeams togetherTeam positionsShared explorationLock speedFull tech treeHidden civsTurbo modeCheats
Victory
Defeat
🇻🇳 Cumans · Vietnam
1454
+14
🇦🇷 Spanish · Argentina
1440
+15
🇩🇪 Lithuanians · Germany
1435
+15
🇩🇪 Chinese · Germany
1405
+16
🇦🇷 Goths · Argentina
1481
-18
🇦🇷 Slavs · Argentina
1412
-15
🇺🇸 Bulgarians · United States
1409
-15
🇺🇸 Jurchens · United States
1330
-11
w h i z.
5:58 Loom
12:33 Feudal Age
15:17 Town Watch
19:03 Castle Age
EMALI
14:13 Feudal Age
19:00 Castle Age
17:07 Double-Bit Axe
20:08 Loom
21:23 Padded Archer Armor
22:36 Bow Saw
24:51 Fishing Lines
Melodies of Life
3:56 Loom
15:38 Feudal Age
18:24 Double-Bit Axe
22:24 Wheelbarrow
22:48 Town Watch
23:01 Fishing Lines
26:59 Castle Age
25:20 Horse Collar
2-ray
3:06 Loom
14:10 Feudal Age
14:48 Double-Bit Axe
15:28 Stone Mining
18:02 Castle Age
15:55 Gold Mining
16:55 Fletching
17:02 Fishing Lines
19:27 Bow Saw
25:01 Town Watch
25:54 Wheelbarrow
Lion Heart
3:26 Loom
13:51 Feudal Age
18:47 Castle Age
17:01 Fletching
17:45 Gold Mining
22:26 Horse Collar
MR.ROBOT
13:56 Feudal Age
15:47 Loom
21:33 Castle Age
22:23 Wheelbarrow
24:49 Fletching
25:43 Bodkin Arrow
FutureEwe5582
4:52 Loom
14:08 Feudal Age
18:11 Castle Age
TanjiroK
4:50 Loom
13:17 Feudal Age
17:32 Castle Age
15:44 Double-Bit Axe
20:12 Wheelbarrow
19:59 Horse Collar
Connection lost

Rejoining the realm…

Still unreachable

The connection could not be restored.

Session expired

The server has moved on; the page needs a fresh start.